 Dungeon Crawl Stone Soup version 0.24-a0-134-gd0b080c8eb (webtiles) character file.

Game seed: 0

107 yojiklol the Bolt Thrower (level 4, -3/28 HPs)
             Began as a Gargoyle Hunter on Feb 28, 2019.
             Was a Follower of Cheibriados.
             Slain by an orc
             ... wielding a +0 flail
              (8 damage)
             ... on level 3 of the Dungeon.
             The game lasted 00:11:42 (2657 turns).

yojiklol the Bolt Thrower (Gargoyle Hunter)         Turns: 2657, Time: 00:11:43

Health: -3/28      AC:  6    Str: 20    XL:     4   Next: 86%
Magic:  13/13      EV: 12    Int: 14    God:    Cheibriados [*.....]
Gold:   86         SH:  0    Dex: 13    Spells: 3/3 levels left

rFire    . . .     SeeInvis .   r - +1 dagger (venom)
rCold    . . .     Gourm    .   (no shield)
rNeg     + + .     Faith    .   c - +0 leather armour
rPois    ∞         Spirit   .   (no helmet)
rElec    +         Reflect  .   (no cloak)
rCorr    .         Harm     .   (no gloves)
MR       .....                  (no boots)
Stlth    ++........             (no amulet)
HPRegen  0.09/turn              p - ring of magical power
MPRegen  0.13/turn              i - ring of positive energy

@: very slow
A: negative energy resistance 1, electricity resistance, unbreathing,
petrification resistance, rot immunity, AC +3
a: Bend Time, Renounce Religion


You were on level 3 of the Dungeon.
You worshipped Cheibriados.
Cheibriados was aware of your devotion.
You were hungry.

You visited 1 branch of the dungeon, and saw 4 of its levels.

You collected 86 gold pieces.

Inventory:

Hand Weapons
 a - a +1 hand crossbow
 b - a +0 short sword
 r - a +1 dagger of venom (weapon)
Missiles
 d - 40 bolts
 h - 8 steel javelins (quivered)
 l - 2 tomahawks
Armour
 c - a +0 leather armour (worn)
Jewellery
 i - a ring of positive energy (right hand)
 p - a ring of magical power (left hand)
Wands
 u - a wand of acid (9)
Scrolls
 k - 6 scrolls of identify {unknown}
 m - 3 scrolls of magic mapping {unknown}
 n - a scroll of amnesia {unknown}
 o - 2 scrolls of remove curse {unknown}
 q - 3 scrolls of teleportation {unknown}
 v - a scroll of fog {unknown}
Potions
 e - 2 potions of mutation {unknown}
 g - 2 potions of heal wounds {unknown}
 j - 5 potions of curing {unknown}
 s - a potion of resistance {unknown}
Comestibles
 f - 5 rations


   Skills:
 + Level 3.0 Fighting
 * Level 4.9 Crossbows
 + Level 1.7 Armour
 - Level 1.9 Dodging
 + Level 2.3 Stealth


You had 3 spell levels left.
You didn't know any spells.
Your spell library was empty.

Dungeon Overview and Level Annotations

Branches:
Dungeon (4/15)
 Temple: D:4-7

Altars:
Cheibriados
Hepliaklqana
Kikubaaqudgha
Zin


Innate Abilities, Weirdness & Mutations

You are resistant to torment.
Your stone body is resilient. (AC +3)
You are immune to poison.
You resist negative energy. (rN+)
You are resistant to electric shocks. (rElec)
You can survive without breathing.
You are immune to petrification.
You are immune to rotting.


Message History

Press: ? - help, Shift-Dir - straight line, f - orc priest
Aim: an orc priest, wielding a +0 dagger (severely wounded, poisoned)
The bolt of acid misses the orc priest.
The orc priest hits you with a +0 dagger.
* * * LOW HITPOINT WARNING * * *
The orc barely misses you.
Okay, then.
Evoke which item? (* to show all) (? for menu, Esc to quit)
Aiming: Corrosive Bolt
Press: ? - help, Shift-Dir - straight line, f/p - orc priest
Aim: an orc priest, wielding a +0 dagger (severely wounded, poisoned)
The bolt of acid hits the orc priest!!
The orc priest is splashed with acid.
The acid corrodes the orc priest!
You kill the orc priest!
Cheibriados appreciates the change of pace.
Your Fighting skill increases to level 3!
The orc hits you but does no damage. The orc misses you.
The orc hits you with a +0 flail!
You die...

#.#.#####......##...........##
#............>................
###.#####...)..###..........#.
##.#####.....................
#.....######.####..........#.
####.............############
#.............# #########
#........o....# #........
##.......@########........
######...................
#...................
#...........########
#..)...)....# #...........#
#...........#
#...........#####
#####.#.........#


You could see an orc.

Vanquished Creatures
  An orc priest (D:3)
  2 adders
  An ooze (D:2)
  4 dart slugs
  3 leopard geckos
  6 bats
  A giant cockroach (D:3)
  7 goblins
  4 hobgoblins
  2 jackals (D:3)
  3 kobolds
  A frilled lizard (D:3)
  12 rats
47 creatures vanquished.

Notes
Turn   | Place    | Note
-------+----------+-------------------------------------------
     0 | D:1      | yojiklol the Gargoyle Hunter began the quest for the Orb.
     0 | D:1      | Reached XP level 1. HP: 12/12 MP: 1/1
   650 | D:2      | Reached XP level 2. HP: 14/18 MP: 2/2
   902 | D:2      | Found a snail-covered altar of Cheibriados.
   932 | D:2      | Became a worshipper of Cheibriados the Contemplative
   952 | D:2      | Found a glowing silver altar of Zin.
  1064 | D:2      | Reached skill level 1 in Armour
  1065 | D:2      | Reached XP level 3. HP: 20/22 MP: 3/3
  1848 | D:3      | Reached * piety under Cheibriados
  1897 | D:3      | Reached XP level 4. HP: 27/27 MP: 4/4
  2227 | D:3      | Found an ancient bone altar of Kikubaaqudgha.
  2533 | D:3      | Found a hazy altar of Hepliaklqana.
  2657 | D:3      | Slain by an orc

Levels and vault maps discovered:
D:1:      dpeg_arrival_short_road, layout_basic
D:2:      minmay_wonky_spiral, layout_loops_ring,
          nicolae_overflow_crystal_walls, cheibriados_altar_1
D:3:      layout_basic, overflow_temple_1_default, lemuel_crystal_altar
D:4:      layout_cave_pools, marbit_many_paths,
          minmay_temple_entry_gardened_gates, first_ration

Skill      XL: |  1  2  3  4 |
---------------+-------------+-----
Armour         | 1 |  1.7
Stealth        | 2 |  2.3
Fighting       | 3 |  3.0
Crossbows      | |  4.9
Dodging        | |  1.9

Action                   |  1- 3 |  4- 6 || total
-------------------------+-------+-------++-------
Melee: Short sword       |    67 |       ||    67
       Dagger            |    54 |    22 ||    76
 Fire: Hand crossbow     |     1 |     7 ||     8
Evoke: Wand              |       |     2 ||     2
 Stab: Sleeping          |     4 |     4 ||     8
  Eat: Chunk             |     3 |     1 ||     4
Armor: Leather armour    |    43 |     7 ||    50
Dodge: Dodged            |    72 |    11 ||    83

Table legend:
 A = Non-vault XP
 B = Vault XP
 C = Vault XP percentage of total XP
 D = Non-vault monster count
 E = Vault monster count
 F = Vault count percentage of total count
                 A         B        C        D         E       F
            +---------+---------+-------+---------+---------+-------
      Total |     145 |       9 |   5.8 |      43 |       4 |   8.5
            +---------+---------+-------+---------+---------+-------
        D:1 |       8 |       0 |   0.0 |       5 |       0 |   0.0
        D:2 |      50 |       9 |  15.3 |      17 |       4 |  19.0
        D:3 |      87 |       0 |   0.0 |      21 |       0 |   0.0
            +---------+---------+-------+---------+---------+-------
